AoeStats
← Simon Stokvis

Arena

508257192Analyzed
4v4 RM · 10d ago on Sep 21, 2026· 50m 5s· 8 players
Game mode
Random Map
Map size
Large (8 player)
Population
200
Speed
Normal
Resources
Standard
Victory
Conquest
Starting age
Dark Age
Ending age
Imperial Age
RankedLock teamsTeams togetherTeam positionsShared explorationLock speedFull tech treeHidden civsTurbo modeCheats
Victory
Defeat
🇹🇷 Dravidians · Türkiye
1618
+9
🇦🇷 Khmer · Argentina
1466
+15
🇧🇪 Britons · Belgium
1466
+15
🇹🇷 Khmer · Türkiye
1300
+20
🇳🇱 Khmer · Netherlands
1553
-20
🇹🇷 Turks · Türkiye
1476
-16
🇹🇷 Khmer · Türkiye
1418
-14
🇹🇷 Italians · Türkiye
1285
-9
EWC KukaLLi7
10:53 Feudal Age
11:22 Loom
14:05 Castle Age
12:20 Double-Bit Axe
12:34 Horse Collar
13:11 Gold Mining
14:46 Bloodlines
15:04 Bow Saw
16:07 Heavy Plow
18:27 Husbandry
22:27 Wheelbarrow
24:48 Hand Cart
26:30 Scale Barding Armor
26:35 Forging
28:09 Chain Barding Armor
32:01 Imperial Age
32:02 Iron Casting
32:48 Gold Shaft Mining
32:01 Cavalier
33:19 Plate Barding Armor
33:45 Blast Furnace
34:04 Crop Rotation
34:22 Conscription
35:13 Elite Battle Elephant
36:11 Tusk Swords
41:34 Hoardings
40:51 Fletching
41:29 Town Watch
42:42 Capped Ram
44:53 Siege Ram
RiasSei
10:12 Feudal Age
11:03 Double-Bit Axe
13:57 Castle Age
12:18 Horse Collar
15:00 Bow Saw
21:07 Wheelbarrow
26:23 Imperial Age
23:58 Gold Mining
24:02 Loom
24:33 Hand Cart
24:23 Fletching
24:56 Ballistics
25:01 Bodkin Arrow
25:48 Padded Archer Armor
25:21 Elite Skirmisher
27:08 Leather Archer Armor
27:26 Bracer
28:31 Chemistry
27:53 Masonry
29:03 Two-Man Saw
29:38 Thumb Ring
30:05 Ring Archer Armor
31:58 Medical Corps
32:42 Heavy Plow
32:33 Elite Elephant Archer
34:45 Coinage
35:59 Banking
36:34 Conscription
39:04 Masonry
39:41 Conscription
39:43 Wootz Steel
Whop
10:19 Feudal Age
14:37 Castle Age
13:59 Double-Bit Axe
15:48 Horse Collar
21:34 Fletching
Exellence
10:34 Loom
12:20 Feudal Age
15:41 Castle Age
13:39 Double-Bit Axe
13:45 Gold Mining
25:45 Wheelbarrow
26:53 Gold Shaft Mining
26:32 Horse Collar
32:27 Imperial Age
31:02 Hand Cart
30:34 Town Watch
30:54 Heavy Plow
31:07 Bow Saw
32:39 Capped Ram
33:50 Siege Ram
35:10 Crop Rotation
36:23 Bloodlines
36:13 Husbandry
36:31 Light Cavalry
38:33 Forging
38:29 Scale Barding Armor
37:47 Hussar
40:01 Iron Casting
40:30 Chain Barding Armor
42:44 Stone Mining
44:23 Blast Furnace
45:54 Plate Barding Armor
47:44 Heavy Scorpion
49:45 Ballistics
49:47 Conscription
50:07 Double Crossbow
51:10 Chemistry
Simon Stokvis
10:36 Feudal Age
13:45 Castle Age
30:37 Loom
31:48 Scale Barding Armor
32:15 Forging
33:15 Chain Barding Armor
34:24 Town Watch
34:36 Double-Bit Axe
38:44 Imperial Age
36:51 Wheelbarrow
37:04 Bow Saw
37:45 Ballistics
41:26 Heavy Scorpion
42:26 Double Crossbow
43:39 Plate Barding Armor
42:37 Cavalier
47:32 Chemistry
BLACK EAGLE
11:43 Feudal Age
14:52 Castle Age
12:40 Double-Bit Axe
12:37 Horse Collar
14:34 Wheelbarrow
15:50 Heavy Plow
16:02 Bow Saw
21:38 Wheelbarrow
24:12 Hand Cart
24:04 Gold Mining
25:46 Gold Shaft Mining
29:05 Imperial Age
26:54 Scale Barding Armor
27:08 Forging
27:35 Bloodlines
27:26 Husbandry
26:48 Light Cavalry
28:11 Ballistics
28:37 Loom
28:37 Town Watch
29:33 Iron Casting
29:21 Chain Barding Armor
30:51 Chemistry
29:17 Heavy Scorpion
30:48 Double Crossbow
31:14 Siege Engineers
32:14 Blast Furnace
32:10 Plate Barding Armor
32:10 Hussar
35:42 Town Patrol
Ramci
11:09 Feudal Age
15:01 Castle Age
13:05 Double-Bit Axe
13:00 Horse Collar
16:11 Bow Saw
16:21 Loom
17:12 Wheelbarrow
29:52 Imperial Age
28:11 Treadmill Crane
29:06 Forging
29:02 Scale Barding Armor
29:16 Hand Cart
28:41 Pikeman
29:22 Squires
30:27 Iron Casting
30:05 Fletching
30:30 Husbandry
30:43 Bloodlines
30:42 Padded Archer Armor
30:44 Heavy Plow
30:37 Town Watch
31:13 Light Cavalry
32:27 Chain Barding Armor
31:51 Elite Skirmisher
32:29 Bodkin Arrow
32:57 Ballistics
33:38 Chemistry
33:41 Two-Man Saw
32:26 Hussar
34:24 Blast Furnace
33:12 Arson
33:32 Bracer
34:21 Leather Archer Armor
34:42 Plate Barding Armor
34:33 Scale Mail Armor
34:59 Caravan
38:32 Chain Mail Armor
38:48 Ring Archer Armor
38:18 Capped Ram
40:37 Thumb Ring
39:53 Elite Genoese Crossbowman
40:55 Conscription
47:09 Town Patrol
47:41 Plate Mail Armor
DaTuRa
10:05 Feudal Age
14:35 Castle Age
13:01 Double-Bit Axe
13:11 Horse Collar
13:57 Stone Mining
23:22 Loom
24:15 Wheelbarrow
30:34 Bow Saw
33:07 Hand Cart
34:32 Scale Barding Armor
34:38 Forging
37:04 Imperial Age
35:42 Chain Barding Armor
36:41 Iron Casting
36:16 Husbandry
36:26 Bloodlines
38:48 Plate Barding Armor
39:29 Blast Furnace
39:46 Conscription
42:17 Heavy Camel Rider
Connection lost

Rejoining the realm…

Still unreachable

The connection could not be restored.

Session expired

The server has moved on; the page needs a fresh start.